Match 40903273
Unlisted
Match 40903273
End
Selects Canadian Shock Battlegroup
Construct Section Command Post
Infantry Section
Infantry Section
Infantry Section
Vickers Machine Gun Team
Selects Attacking Spirit
Selects Canadian Shock Section
Canadian Shock Section
Imperiale
SchnellSchuh5000
PIGEONS ARE FBI DRONES
Bananenratte
Gwangju's Hero Chun Doo-gwang
freedman1984
KuruKuru
HiddenJoker
0
0
Comments sign in to comment!
No comments posted yet!